[ AOE2 MATCH · #507343718 ]
UnrankedChinese vs Tupi
Player's team · LOSS
Rival team · WIN
[ REPLAY ANALYSIS · EXTRACTED FROM THE RECORDED GAME ]
Feudal
8:53
Castle
—
Imperial
—
| APM avg | 63.9 |
| APM peak | 105 |
| eAPM avg | 25.5 |
| Villagers / military | 43 / 22 |
Focus
⚔️ 55.9% · 🌾 44.1%
Archer ×17 · Militia ×3 · Scout Cavalry ×2
Feudal
9:56
Castle
—
Imperial
—
| APM avg | 33.2 |
| APM peak | 57 |
| eAPM avg | 23.5 |
| Villagers / military | 47 / 0 |
Focus
⚔️ 50.0% · 🌾 50.0%
Unknown (2550) ×5
Match map
Initial resources + every placement click. Lines = walls · curves = elevation contours. ◆ gold · ⬟ stone · ● berries · ✦ relic · ◌ wall gap
Your base· Open — unwalled flank
gupo57's base· Open — unwalled flank
Smoothed initial terrain · ◌ = detected wall gap · hover for details
Inputs per minute
— dylanrobinson54 - - gupo57
Build order — dylanrobinson54
117 actions detected in the replay
| 0:00 | Research | Loom |
| 0:41 | Queue | Villager (Male) |
| 0:42 | Queue | Villager (Male) |
| 1:09 | Queue | Villager (Male) |
| 1:34 | Queue | Villager (Male) |
| 1:54 | Build | Lumber Camp |
| 2:01 | Queue | Villager (Male) |
| 2:28 | Queue | Villager (Male) |
| 2:47 | Queue | Villager (Male) |
| 3:13 | Queue | Villager (Male) |
| 3:22 | Queue | Villager (Male) |
| 3:43 | Build | House |
| 3:51 | Queue | Villager (Male) |
| 4:15 | Queue | Villager (Male) |
| 4:21 | Queue | Villager (Male) |
| 4:46 | Queue | Villager (Male) |
| 5:05 | Build | House |
| 5:15 | Queue | Villager (Male) |
| 5:33 | Build | Barracks |
| 5:55 | Queue | Villager (Male) |
| 6:43 | Research | Feudal Age |
| 7:11 | Queue | Militia |
| 7:14 | Build | Mining Camp |
| 7:27 | Build | Mill |
| 7:35 | Queue | Militia |
| 8:17 | Queue | Militia |
| 8:24 | Queue | Villager (Male) |
| 8:41 | Build | House |
| 8:53 | Age | Feudal Age |
| 9:01 | Build | Archery Range |
| 9:06 | Queue | Villager (Male) |
| 9:15 | Queue | Villager (Male) |
| 9:24 | Build | House |
| 9:30 | Queue | Villager (Male) |
| 9:40 | Research | Double-Bit Axe |
| 9:47 | Build | Blacksmith |
| 9:53 | Queue | Archer |
| 10:06 | Queue | Villager (Male) |
| 10:19 | Queue | Villager (Male) |
| 10:25 | Build | Farm |
| 10:27 | Queue | Archer |
| 10:31 | Build | House |
| 10:33 | Build | House |
| 10:43 | Build | House |
| 11:02 | Queue | Villager (Male) |
| 11:08 | Queue | Archer |
| 11:18 | Build | Farm |
| 11:19 | Build | Farm |
| 11:24 | Build | House |
| 11:26 | Build | Palisade Wall |
| 11:28 | Build | House |
| 11:31 | Build | Palisade Wall |
| 11:36 | Build | House |
| 11:39 | Build | House |
| 11:43 | Build | House |
| 11:43 | Queue | Villager (Male) |
| 12:01 | Queue | Archer |
| 12:05 | Build | Farm |
| 12:24 | Build | Farm |
| 12:27 | Queue | Archer |
| 12:36 | Build | Farm |
| 12:45 | Build | Farm |
| 13:04 | Queue | Villager (Male) |
| 13:07 | Build | Farm |
| 13:12 | Queue | Archer |
| 13:14 | Queue | Villager (Male) |
| 13:21 | Build | Farm |
| 13:24 | Build | Farm |
| 13:38 | Research | Fletching |
| 13:42 | Queue | Archer |
| 13:42 | Queue | Archer |
| 14:19 | Queue | Villager (Male) |
| 14:20 | Queue | Villager (Male) |
| 14:37 | Queue | Archer |
| 14:56 | Queue | Archer |
| 15:35 | Queue | Villager (Male) |
| 15:36 | Queue | Archer |
| 15:37 | Queue | Archer |
| 15:41 | Build | Mill |
| 15:42 | Build | Farm |
| 15:42 | Build | Farm |
| 15:42 | Build | Farm |
| 15:42 | Build | Farm |
| 15:42 | Build | Farm |
| 15:43 | Build | Farm |
| 15:47 | Queue | Villager (Male) |
| 16:01 | Queue | Archer |
| 16:26 | Queue | Archer |
| 16:30 | Queue | Villager (Male) |
| 16:30 | Queue | Villager (Male) |
| 16:36 | Build | Palisade Wall |
| 16:46 | Build | House |
| 16:54 | Queue | Archer |
| 17:02 | Queue | Villager (Male) |
| 17:40 | Queue | Villager (Male) |
| 17:46 | Build | Watch Tower |
| 17:51 | Queue | Villager (Male) |
| 17:58 | Queue | Archer |
| 18:13 | Queue | Villager (Male) |
| 18:21 | Build | Stable |
| 18:31 | Queue | Archer |
| 18:34 | Queue | Villager (Male) |
| 19:11 | Queue | Villager (Male) |
| 19:15 | Queue | Scout Cavalry |
| 19:15 | Queue | Scout Cavalry |
| 19:31 | Build | Mining Camp |
| 19:32 | Queue | Villager (Male) |
| 19:35 | Build | House |
| 19:55 | Queue | Villager (Male) |
| 20:31 | Build | Palisade Wall |
| 20:37 | Queue | Villager (Male) |
| 20:41 | Build | Farm |
| 20:42 | Build | Farm |
| 21:06 | Queue | Villager (Male) |
| 21:09 | Queue | Villager (Male) |
| 21:19 | Build | Lumber Camp |
| 21:25 | Queue | Villager (Male) |
Build order — gupo57
94 actions detected in the replay
| 0:02 | Build | House |
| 0:03 | Build | House |
| 0:16 | Queue | Villager (Male) |
| 0:17 | Queue | Villager (Male) |
| 0:17 | Queue | Villager (Male) |
| 0:18 | Queue | Villager (Male) |
| 1:27 | Build | House |
| 1:33 | Queue | Villager (Male) |
| 2:16 | Queue | Villager (Male) |
| 2:16 | Queue | Villager (Male) |
| 2:38 | Queue | Villager (Male) |
| 2:41 | Queue | Villager (Male) ×2 |
| 3:06 | Build | House |
| 3:17 | Queue | Villager (Male) |
| 3:29 | Queue | Villager (Male) |
| 3:29 | Queue | Villager (Male) |
| 3:29 | Queue | Villager (Male) |
| 3:46 | Build | Settlement |
| 4:25 | Queue | Villager (Male) |
| 4:25 | Queue | Villager (Male) |
| 5:04 | Queue | Villager (Male) ×5 |
| 5:54 | Queue | Villager (Male) |
| 5:54 | Queue | Villager (Male) |
| 6:07 | Build | Barracks |
| 6:39 | Build | House |
| 6:50 | Research | Loom |
| 6:51 | Queue | Villager (Male) |
| 7:37 | Research | Feudal Age |
| 7:38 | Queue | Unit 2550 |
| 8:28 | Queue | Unit 2550 |
| 8:28 | Queue | Unit 2550 |
| 9:02 | Build | Palisade Wall |
| 9:03 | Build | Palisade Wall |
| 9:56 | Age | Feudal Age |
| 10:02 | Research | Tech 1402 |
| 10:06 | Research | Double-Bit Axe |
| 10:07 | Queue | Villager (Male) ×3 |
| 10:36 | Build | House |
| 10:47 | Build | Watch Tower |
| 11:06 | Build | Palisade Wall |
| 11:08 | Build | Palisade Wall |
| 11:56 | Build | Watch Tower |
| 12:03 | Queue | Villager (Male) |
| 12:03 | Queue | Villager (Male) |
| 12:06 | Build | Settlement |
| 12:29 | Queue | Villager (Male) |
| 12:48 | Build | Stone Wall |
| 13:21 | Build | Watch Tower |
| 13:33 | Build | Watch Tower |
| 14:40 | Build | Stone Wall |
| 15:03 | Build | Stone Wall |
| 15:05 | Queue | Villager (Male) ×4 |
| 15:43 | Queue | Villager (Male) |
| 15:43 | Queue | Villager (Male) |
| 16:19 | Queue | Villager (Male) |
| 16:21 | Build | Farm |
| 16:21 | Build | Farm |
| 16:21 | Build | Farm |
| 16:21 | Build | Farm |
| 16:38 | Build | Watch Tower |
| 16:49 | Build | Stone Wall |
| 16:51 | Build | Stone Wall |
| 16:55 | Build | Stone Wall |
| 17:07 | Queue | Villager (Male) |
| 17:08 | Build | Farm |
| 17:12 | Queue | Villager (Male) |
| 17:12 | Queue | Villager (Male) |
| 17:58 | Build | Watch Tower |
| 18:20 | Build | Palisade Wall |
| 18:33 | Research | Arson |
| 18:34 | Queue | Villager (Male) |
| 18:34 | Queue | Villager (Male) |
| 18:51 | Build | Palisade Wall |
| 18:53 | Build | Palisade Wall |
| 19:01 | Build | Palisade Wall |
| 19:02 | Build | Palisade Wall |
| 19:05 | Build | Palisade Wall |
| 19:22 | Queue | Villager (Male) |
| 19:33 | Build | Watch Tower |
| 19:37 | Build | Farm |
| 19:53 | Queue | Villager (Male) |
| 19:58 | Queue | Villager (Male) |
| 20:03 | Build | Farm |
| 20:06 | Build | Farm |
| 20:09 | Build | Farm |
| 20:10 | Build | Farm |
| 20:16 | Queue | Villager (Male) |
| 20:30 | Build | Settlement |
| 21:08 | Build | Settlement |
| 21:11 | Queue | Villager (Male) |
| 21:21 | Queue | Unit 2550 |
| 21:22 | Queue | Unit 2550 |
| 21:31 | Build | Farm |
| 21:38 | Build | Farm |
Match timeline
| 5:33 | dylanrobinson54 · first_building Barracks |
| 6:07 | gupo57 · first_building Barracks |
| 8:53 | dylanrobinson54 · age_up feudal |
| 9:01 | dylanrobinson54 · first_building Archery Range |
| 9:02 | gupo57 · wall_segment Palisade Wall x2 |
| 9:03 | gupo57 · wall_segment Palisade Wall x1 |
| 9:56 | gupo57 · age_up feudal |
| 11:06 | gupo57 · wall_segment Palisade Wall x1 |
| 11:08 | gupo57 · wall_segment Palisade Wall x1 |
| 11:26 | dylanrobinson54 · wall_segment Palisade Wall x1 |
| 11:31 | dylanrobinson54 · wall_segment Palisade Wall x1 |
| 12:48 | gupo57 · wall_segment Stone Wall x1 |
| 14:40 | gupo57 · wall_segment Stone Wall x1 |
| 15:03 | gupo57 · wall_segment Stone Wall x1 |
| 16:36 | dylanrobinson54 · wall_segment Palisade Wall x6 |
| 16:49 | gupo57 · wall_segment Stone Wall x1 |
| 16:51 | gupo57 · wall_segment Stone Wall x1 |
| 16:55 | gupo57 · wall_segment Stone Wall x1 |
| 18:20 | gupo57 · wall_segment Palisade Wall x1 |
| 18:21 | dylanrobinson54 · first_building Stable |
| 18:51 | gupo57 · wall_segment Palisade Wall x2 |
| 18:53 | gupo57 · wall_segment Palisade Wall x3 |
| 19:01 | gupo57 · wall_segment Palisade Wall x1 |
| 19:02 | gupo57 · wall_segment Palisade Wall x1 |
| 19:05 | gupo57 · wall_segment Palisade Wall x1 |
| 20:31 | dylanrobinson54 · wall_segment Palisade Wall x8 |
| 21:55 | dylanrobinson54 · resign |
[ AI ANALYSIS · 1 CREDIT ]
What really happened in this match?
Wolo.gg analyzes every decision: build order, eco, micro, common mistakes by bracket. Personalized analysis on WhatsApp or Discord in 30 seconds.
Civ guide
Chinese
Perfil
Jugador #1876372